 Dungeon Crawl Stone Soup version 0.30.1-4-g462c640d31 (webtiles) character file.

Game seed: 9030671854094807542

400 nonceun the Cleaver (level 6, -4/79 HPs)
             Began as a Minotaur Berserker on Sept 12, 2023.
             Was a Priest of Trog.
             Slain by Duvessa
             ... wielding a +0 rapier
              (15 damage)
             ... on level 5 of the Dungeon on Sept 13, 2023.
             The game lasted 00:11:50 (3579 turns).

nonceun the Cleaver (Minotaur Berserker)            Turns: 3579, Time: 00:11:51

Health: -4/79      AC: 10    Str: 23    XL:     6   Next: 54%
Magic:  5/5        EV:  9    Int:  4    God:    Trog [***...]
Gold:   173        SH:  0    Dex: 10    Spells: 5/5 levels left

rFire   + . .        a - +0 war axe
rCold   . . .        n - orb {light}
rNeg    . . .        q - +0 chain mail {rF+}
rPois   .            (helmet restricted)
rElec   .            (no cloak)
rCorr   .            (no gloves)
SInv    .            j - +1 pair of boots
Will    ++...        (no amulet) Stlth
                     (no ring)
HPRegen 1.33/turn    (no ring)
MPRegen 0.09/turn

%: no passive effects
@: berserking, strong-willed, regenerating, glowing, studying Short Blades, very
quick
A: horns 2, retaliatory headbutt
a: Renounce Religion, Berserk, Trog's Hand


You were on level 5 of the Dungeon.
You worshipped Trog.
Trog was most pleased with you.
You visited 1 branch of the dungeon, and saw 5 of its levels.

You collected 173 gold pieces.

Inventory:

Hand Weapons
 a - a +0 war axe (weapon)
 b - a +1 trident of venom
 o - the +8 dagger "Grim Tooth" {drain, Drain rCorr Int+3}
   (You found it on level 3 of the Dungeon)

   Int:       It affects your intelligence (+3).
   rCorr:     It protects you from acid and corrosion.
   Drain:     It drains your maximum health when unequipped.
Armour
 j - a +1 pair of boots (worn)
 n - an orb of light (worn)
 q - a +0 chain mail of fire resistance (worn)
Wands
 r - a wand of iceblast (8)
Scrolls
 d - a scroll of fog {unknown}
 e - a scroll of immolation {unknown}
 g - a scroll of enchant weapon {unknown}
 k - 3 scrolls of fear {unknown}
 m - 3 scrolls of identify {unknown}
 p - a scroll of magic mapping {unknown}
 s - a scroll of blinking {unknown}
 t - a scroll of poison {unknown}
 w - 2 scrolls of vulnerability {unknown}
Potions
 c - 3 potions of brilliance {unknown}
 f - a potion of might {unknown}
 h - a potion of curing {unknown}
 i - a potion of lignification {unknown}
 l - 4 potions of heal wounds {unknown}
 u - a potion of degeneration {unknown}
 v - 2 potions of haste


   Skills:
 * Level 4.5 Fighting
 + Level 8.5 Axes
 - Level 2.4 Armour
 - Level 2.1 Dodging


You had 5 spell levels left.
You didn't know any spells.
Your spell library contained the following spells:

 Spells                   Type           Power      Damage    Failure   Level
 Ozocubu's Armour         Ice            0%         N/A       100%        3
 Ozocubu's Refrigeration  Ice            0%         4d7       100%        7


Dungeon Overview and Level Annotations

Branches:
Dungeon (5/15)
 Temple: D:4-7

Altars:
Elyvilon

Portals:
Abyss: D:3

Annotations:
D:3 2 transporters, mason12's ghost, amateur TeBe
D:5 Duvessa


Innate Abilities, Weirdness & Mutations

You have a pair of horns on your head.
You reflexively headbutt those who attack you in melee.


Message History

You kill Dowan!
Trog accepts your kill.
Trog appreciates your killing of a magic user.
You hear a distant scream of rage.
Things that are here:
a +0 dagger of flaming; a +0 robe; the elf corpse of Dowan
There is a stone staircase leading up here.
Things that are here:
a jackal corpse; a jackal corpse Duvessa, Sister of Dowan comes into view.
She is wielding a +0 rapier and carrying a wand of flame (19).
Found a glowing pearl ring and a quarterstaff.
Duvessa shouts!
Duvessa goes berserk!
You hit Duvessa but do no damage. Duvessa hits you with a +0 rapier.
Your skin crawls.
You feel strong-willed. Duvessa hits you with a +0 rapier.
Duvessa hits you with a +0 rapier!
You barely miss Duvessa. You headbutt Duvessa.
Duvessa is lightly wounded.
Duvessa hits you with a +0 rapier. Duvessa closely misses you.
You barely miss Duvessa.
Duvessa is lightly wounded.
Duvessa hits you with a +0 rapier.
You hit Duvessa. Your headbutt misses Duvessa.
Duvessa is lightly wounded.
Duvessa hits you with a +0 rapier! Duvessa hits you but does no damage.
A red film seems to cover your vision as you go berserk!
You feel yourself moving faster!
You feel mighty! Duvessa hits you with a +0 rapier.
You barely miss Duvessa.
Duvessa is lightly wounded.
Duvessa completely misses you. Duvessa hits you with a +0 rapier.
You slash Duvessa!
Duvessa is moderately wounded.
Duvessa hits you with a +0 rapier!!
* * * LOW HITPOINT WARNING * * *
You slash Duvessa!
Duvessa is heavily wounded.
Duvessa hits you with a +0 rapier!
You die...

#. # #. .# #.## #.
#...=) #..#. #
#... .# # #.e# .#
###.#.@#####.####
..................
.....#........##
#### ##.....###
#####†# #<# #)#
#.# ###


You could see Duvessa (berserk).

Vanquished Creatures
  A black bear (D:4)
  Dowan (D:5)
  2 jellies (D:4)
  A sleepcap (D:4)
  3 gnolls (D:2)
  3 adders
  A worm (D:2)
  2 dart slugs (D:1)
  12 orcs
  6 endoplasms
  2 giant cockroaches
  5 hobgoblins
  11 jackals
  9 kobolds
  6 quokkas
  9 ball pythons
  8 bats
  6 frilled lizards
  9 goblins
  A rat (D:1)
98 creatures vanquished.

Notes
Turn   | Place    | Note
-------+----------+-------------------------------------------
     0 | D:1      | nonceun the Minotaur Berserker began the quest for the Orb.
     0 | D:1      | Reached XP level 1. HP: 19/19 MP: 0/0
   112 | D:1      | Reached skill level 4 in Axes
   141 | D:1      | Reached XP level 2. HP: 26/26 MP: 1/1
   559 | D:1      | Reached skill level 5 in Axes
   566 | D:1      | Reached ** piety under Trog
   568 | D:1      | Reached XP level 3. HP: 31/31 MP: 2/2
   742 | D:1      | You fall into a shaft and drop 1 floor!
  1446 | D:2      | Reached skill level 6 in Axes
  1446 | D:2      | Reached XP level 4. HP: 33/39 MP: 3/3
  1940 | D:3      | Noticed a small abomination
  1999 | D:3      | Identified the +8 dagger "Grim Tooth" {drain, Drain rCorr
                  | Int+3}
  2160 | D:3      | Noticed mason12's ghost (amateur TeBe)
  2312 | D:3      | Noticed a small abomination
  2498 | D:3      | Found a transporter.
  2499 | D:3      | Found a transporter.
  2653 | D:3      | Found a one-way gate to the infinite horrors of the Abyss.
  2798 | D:4      | Reached *** piety under Trog
  2799 | D:4      | Reached XP level 5. HP: 44/45 MP: 4/4
  2816 | D:4      | Reached skill level 7 in Axes
  2872 | D:4      | Noticed a black bear
  2892 | D:4      | Killed a black bear
  2893 | D:4      | Reached XP level 6. HP: 41/52 MP: 5/5
  3136 | D:4      | Reached skill level 8 in Axes
  3256 | D:4      | Found a white marble altar of Elyvilon.
  3550 | D:5      | Entered Level 5 of the Dungeon
  3554 | D:5      | Noticed Dowan
  3563 | D:5      | Killed Dowan
  3569 | D:5      | Noticed Duvessa
  3579 | D:5      | Slain by Duvessa

Illustrated notes

Levels and vault maps discovered:
D:1:      scummos_arrival_checkerplants, layout_loops_ring
D:2:      minmay_recursive_quarters, layout_loops_ring,
          minmay_misc_feat_four_crosses, columned_hall_lemuel
D:3:      layout_loops_corners, gammafunk_ghost_abyssal_escape
D:4:      layout_basic, elyvilon_altar_4, serial_forest,
          infiniplex_forest_zigzag_1, infiniplex_forest_clump_small,
          infiniplex_forest_lined_room_2, infiniplex_forest_corner_1,
          infiniplex_forest_clump_C, infiniplex_forest_end_double,
          infiniplex_forest_clump_medium, infiniplex_forest_corner_2,
          kennysheep_cross_bottleneck
D:5:      layout_basic, grunt_gozag_statues, uniq_duvessa

Skill      XL: |  1  2  3  4  5  6 |
---------------+-------------------+-----
Axes           | 4 5 6 7 8 |  8.5
Fighting       | 4 |  4.5
Armour         | |  2.4
Dodging        | |  2.1

Action                     |  1- 3 |  4- 6 || total
---------------------------+-------+-------++-------
  Melee: Hand axe          |    12 |       ||    12
         War axe           |    82 |    99 ||   181
         Headbutt          |    14 |    15 ||    29
 Invoke: Berserk           |       |     1 ||     1
         Trog's Hand       |       |     1 ||     1
   Stab: Sleeping          |     2 |       ||     2
 Armour: Animal skin       |    24 |       ||    24
         Scale mail        |       |    10 ||    10
         Ring mail         |       |     2 ||     2
         Chain mail        |       |    25 ||    25
  Dodge: Dodged            |    62 |    41 ||   103
